 Dungeon Crawl Stone Soup version 0.30-a0-137-gd8773701ce (webtiles) character file.

Game seed: 9287593992031420934

7063 JosephDoom the Thaumaturge (level 11, -5/90 HPs)
             Began as a Naga Ice Elementalist on Sept 23, 2022.
             Was a Believer of Vehumet.
             Slain by an iron imp (8 damage)
             ... summoned by a kobold demonologist
             ... on level 12 of the Dungeon.
             The game lasted 00:59:27 (18487 turns).

JosephDoom the Thaumaturge (Naga Ice Elementalist) Turns: 18487, Time: 00:59:28

Health: -5/90      AC:  8    Str: 11    XL:     11   Next: 9%
Magic:  23/25      EV:  9    Int: 21    God:    Vehumet [**....]
Gold:   50         SH:  0    Dex: 18    Spells: 14/30 levels left

rFire   . . .      SeeInvis +    m - +0 arbalest (flame)
rCold   + . .      Faith    .    (shield currently unavailable)
rNeg    + . .      Spirit   .    g - +2 leather armour of Patterns {rC+}
rPois   +          Reflect  .    t - +0 helmet
rElec   .          Harm     .    (no cloak)
rCorr   .          Rampage  .    (no gloves)
Will    +....                    (no barding)
Stlth   ++........               (no amulet)
HPRegen 0.25/turn                u - +6 ring of dexterity
MPRegen 0.19/turn                F - ring "Woleyl" {rN+ Int+2}

@: very slow
A: AC +3, large, see invisible, deformed body, poison resistance, slowness 2,
spit poison 1, naga tail 1
a: Spit Poison, Renounce Religion


You were on level 12 of the Dungeon.
You worshipped Vehumet.
Vehumet was pleased with you.
You visited 3 branches of the dungeon, and saw 14 of its levels.
You also visited: Bailey.

You collected 514 gold pieces.
You spent 464 gold pieces at shops.

Inventory:

Hand Weapons
 e - a +0 spear
 m - a +0 arbalest of flaming (weapon)
 o - a +0 trident
 G - a +3 halberd of electrocution
 J - a +5 flail of freezing
Missiles
 c - 3 throwing nets
 q - 6 boomerangs
Armour
 a - a +0 robe
 g - the +2 leather armour of Patterns (worn) {rC+}
   (You found it on level 5 of the Dungeon)

   rC:        It protects you from cold.
 k - a +0 leather armour
 t - a +0 helmet (worn)
 K - +0 acid dragon scales
Magical Staves
 x - a staff of conjuration
 y - a staff of earth
Jewellery
 u - a +6 ring of dexterity (left hand)
 E - a ring of protection from fire
 F - the ring "Woleyl" (right hand) {rN+ Int+2}
   (You bought it in a shop on level 6 of the Dungeon)

   [ring of positive energy]

   Int:       It affects your intelligence (+2).
   rN:        It protects you from negative energy.
 M - a ring of positive energy
Wands
 i - a wand of flame (3) (quivered)
 p - a wand of paralysis (19)
 C - a wand of iceblast (5)
Scrolls
 d - a scroll of butterflies
 j - a scroll of blinking
 s - 2 scrolls of fear
 N - a scroll of identify
Potions
 b - 4 potions of degeneration
 f - 5 potions of curing
 h - 3 potions of haste
 l - 4 potions of invisibility
 n - 3 potions of brilliance
 r - a potion of lignification
 v - 3 potions of attraction
 w - a potion of flight {unknown}
 z - 3 potions of magic
 A - 2 potions of resistance
 B - a potion of heal wounds {unknown}
 D - 3 potions of mutation
 H - 4 potions of might
 I - 3 potions of cancellation


   Skills:
 - Level 3.0 Fighting
 + Level 8.3 Ranged Weapons
 - Level 1.5 Dodging
 - Level 3.0 Stealth
 - Level 10.0 Spellcasting
 - Level 5.0 Conjurations
 - Level 7.0 Ice Magic
 - Level 5.0 Poison Magic


You had 14 spell levels left.
You knew the following spells:

 Your Spells              Type           Power      Damage    Failure   Level
a - Freeze                Ice            100%       1d11      1%          1
b - Frozen Ramparts       Ice            78%        1d12      1%          3
c - Ozocubu's Armour      Ice            39%        N/A       1%          3
d - Poisonous Vapours     Pois/Air       42%        N/A       4%          2
e - Ignite Poison         Fire/Tmut/Pois 17%        N/A       13%         3
f - Hailstorm             Conj/Ice       35%        3d9       7%          4

Your spell library contained the following spells:

 Spells                   Type           Power      Damage    Failure   Level
 Foxfire                  Conj/Fire      84%        2x1d8     3%          1
 Magic Dart               Conj           100%       1d8       1%          1
 Searing Ray              Conj           62%        2d6       1%          2
 Cigotuvi's Dreadful Rot  Necr/Pois/Air  34%        N/A       7%          2
 Apportation              Tloc           20%        N/A       9%          1
 Necrotise                Necr           40%        1d6       9%          1
 Summon Small Mammal      Summ           40%        N/A       9%          1
 Call Canine Familiar     Summ           10%        N/A       26%         3
 Confusing Touch          Hex            10%        N/A       26%         3
 Summon Guardian Golem    Hex/Summ       10%        N/A       26%         3
 Fulminant Prism          Conj/Hex       10%        3d9       30%         4
 Sticky Flame             Conj/Fire      21%        2d4       30%         4
 Alistair's Intoxication  Tmut/Pois      14%        N/A       63%         5
 Yara's Violent Unravell  Hex/Tmut       5%         3d4       93%         5
 Enfeeble                 Hex            5%         N/A       100%        7


Dungeon Overview and Level Annotations

Branches:
Dungeon (12/15)            Temple (1/1) D:4            Lair (1/5) D:9
 Bailey (visited)
    Orc: D:9-12

Altars:
Ashenzari
Cheibriados
Dithmenos
Elyvilon
Fedhas
Gozag
Hepliaklqana
Kikubaaqudgha
Makhleb
Nemelex Xobeh
Okawaru
Qazlal
Ru
Sif Muna
Trog
Uskayaw
Vehumet
Wu Jian
Xom
Yredelemnul
Zin
The Shining One

Shops:
D:4 =   D:6 =   D:8 ?


Innate Abilities, Weirdness & Mutations

Your serpentine skin is tough. (AC +3)
You have supernaturally acute eyesight. (SInv)
Armour fits poorly on your strangely shaped body.
Your system is resistant to poisons. (rPois)
You cover ground very slowly.
You can spit poison.
You have a snake-like lower body.


Message History

The wall freezes the sixfirhy.
You kill the sixfirhy!
The sixfirhy disappears in a puff of smoke!
The quasit resists.
The wall freezes the quasit.
The iron imp resists.
The wall freezes the iron imp.
The iron imp hits you but does no damage.
The wall freezes the sixfirhy.
The sixfirhy hits you but does no damage.
Aiming: Throw Flame
Press: ? - help, Q - select action, (/) - cycle Shift-Dir - straight line, f - kobold demonologist
Aim: a kobold demonologist, wielding a +2 dagger of speed and wearing a +0 robe (silenced, lightly wounded, 56% to hit)
The puff of flame hits the iron imp.
The iron imp completely resists.
The wall freezes the sixfirhy.
The sixfirhy hits you.
* * * LOW HITPOINT WARNING * * *
The sixfirhy shocks you!
* * * LOW HITPOINT WARNING * * *
The wall freezes the sixfirhy.
The sixfirhy hits you but does no damage.
The wall freezes the sixfirhy.
The sixfirhy hits you.
* * * LOW HITPOINT WARNING * * *
The sixfirhy shocks you!
* * * LOW HITPOINT WARNING * * *
The iron imp resists.
The wall freezes the iron imp.
The iron imp hits you.
* * * LOW HITPOINT WARNING * * *
The iron imp resists.
The wall freezes the iron imp.
The iron imp hits you but does no damage.
The wall freezes the sixfirhy.
The sixfirhy hits you but does no damage.
Okay, then.
Magic scrolls do not work when you're silenced!
It was a potion of cancellation.
Your magical effects are unravelling.
You feel magically purged.
You feel less wooden.
Your +0 helmet unmelds from your body.
The +2 leather armour of Patterns {rC+} unmelds from your body.
The frozen ramparts melt away.
Your hearing returns.
The iron imp hits you!
You die...

####### ### ....?..
##.. .......
########..# .......
#.....##.## .......
###.....'..# .......
##.'.....####
.....53####..#.....#
.....K5@....##.....#
......5#######.....#
####.## #.....# #.
####+## #. #


You could see a kobold demonologist, a sixfirhy (summoned), 2 iron imps and a
quasit (summoned).

Vanquished Creatures
  Erolcha (D:9)
  A two-headed ogre (D:9)
  A cyclops (D:10)
  A komodo dragon (D:10)
  A hornet (D:8)
  A shadow (D:10)
  Sigmund (D:4)
  A wyvern (D:9)
  2 yaks
  3 steam dragons
  2 acid dragons
  An ice beast (D:6)
  A black bear (D:4)
  4 orc warriors
  2 ogres
  3 centaurs
  A gnoll sergeant (D:7)
  8 scorpions
  8 bullfrogs
  3 wights (D:8)
  4 killer bees (D:9)
  4 howler monkeys
  3 orc priests
  4 hounds
  2 jellies
  Jessica (D:3)
  A gnoll bouda (D:7)
  3 iguanas
  Natasha (D:3)
  16 orc wizards
  Robin (D:4)
  26 gnolls
  3 adders
  A shadow imp (D:6)
  A white imp (D:8)
  2 dart slugs
  3 worms
  44 orcs
  9 ball pythons
  5 bats
  11 endoplasms
  3 giant cockroaches
  16 goblins
  13 hobgoblins
  7 jackals
  4 quokkas
  7 frilled lizards
  4 kobolds
  7 rats
252 creatures vanquished.

Vanquished Creatures (others)
  5 fungi
  5 plants (D:9)
10 creatures vanquished.

Grand Total: 262 creatures vanquished

Notes
Turn   | Place    | Note
-------+----------+-------------------------------------------
     0 | D:1      | JosephDoom the Naga Ice Elementalist began the quest for
                  | the Orb.
     0 | D:1      | Reached XP level 1. HP: 15/15 MP: 3/3
   600 | D:1      | Reached XP level 2. HP: 22/22 MP: 3/5
   967 | D:1      | Reached skill level 3 in Spellcasting
   995 | D:1      | Found a faded altar of an unknown god.
  1256 | D:1      | Reached XP level 3. HP: 24/28 MP: 2/7
  1683 | D:1      | Learned a level 3 spell: Frozen Ramparts
  1687 | D:1      | Learned a level 3 spell: Ozocubu's Armour
  2187 | D:2      | Reached XP level 4. HP: 11/36 MP: 2/9
  2190 | D:2      | Reached skill level 4 in Spellcasting
  3336 | D:3      | Reached XP level 5. HP: 40/42 MP: 5/11
  3495 | D:3      | Reached skill level 5 in Ice Magic
  3946 | D:3      | Found a hide-covered altar of Uskayaw.
  4171 | D:3      | Noticed Jessica
  4498 | D:3      | Killed Jessica
  4698 | D:3      | Noticed Natasha
  4703 | D:3      | Killed Natasha
  4704 | D:3      | Reached XP level 6. HP: 49/49 MP: 3/12
  5175 | D:4      | Noticed Robin
  5202 | D:4      | Killed Robin
  5435 | D:4      | Noticed a black bear
  5755 | D:4      | Reached XP level 7. HP: 55/55 MP: 9/13
  6063 | D:4      | Noticed Sigmund
  6078 | D:4      | Reached skill level 5 in Spellcasting
  6082 | D:4      | Killed Sigmund
  6627 | D:4      | Found a staircase to the Ecumenical Temple.
  6643 | D:4      | Reached skill level 6 in Spellcasting
  7053 | Temple   | Entered the Ecumenical Temple
  7148 | Temple   | Became a worshipper of Vehumet
  7190 | D:4      | Found Ruxtepp's Jewellery Emporium.
  7432 | D:5      | Entered Level 5 of the Dungeon
  7460 | D:5      | Reached XP level 8. HP: 27/62 MP: 15/17
  8291 | D:5      | Reached skill level 7 in Spellcasting
  8346 | D:5      | Learned a level 2 spell: Poisonous Vapours
  8350 | D:5      | Learned a level 3 spell: Ignite Poison
  8367 | D:5      | Identified the +2 leather armour of Patterns {rC+}
  8872 | D:6      | Found Xayfuh's Jewellery Emporium.
  9161 | D:6      | Reached skill level 8 in Spellcasting
  9454 | D:6      | Reached skill level 1 in Poison Magic
  9694 | D:6      | Reached skill level 5 in Poison Magic
  9694 | D:6      | Reached skill level 1 in Conjurations
  9694 | D:6      | Reached XP level 9. HP: 55/68 MP: 15/21
 10033 | D:6      | Reached * piety under Vehumet
 10033 | D:6      | Offered knowledge of Sandblast by Vehumet.
 10886 | D:7      | Reached skill level 5 in Conjurations
 11309 | D:7      | Reached skill level 1 in Fighting
 12682 | D:8      | Found a flagged portal.
 12691 | Bailey   | Entered a bailey
 13943 | D:8      | Reached ** piety under Vehumet
 13943 | D:8      | Offered knowledge of Foxfire by Vehumet.
 13944 | D:8      | Reached skill level 9 in Spellcasting
 14285 | D:8      | Found Kogromiyfi's Magic Scroll Shop.
 14303 | D:8      | Bought a scroll of identify for 28 gold pieces
 14338 | D:8      | Found a large runed translucent door.
 14338 | D:8      | Found a large runed translucent door.
 14920 | D:8      | Reached XP level 10. HP: 80/81 MP: 23/23
 15136 | D:8      | Reached skill level 10 in Spellcasting
 15136 | D:8      | Reached skill level 1 in Ranged Weapons
 15141 | D:8      | Learned a level 4 spell: Hailstorm
 15361 | D:8      | Found a broken altar of Ashenzari.
 15361 | D:8      | Found an ancient bone altar of Kikubaaqudgha.
 15369 | D:8      | Found a shimmering blue altar of Sif Muna.
 15371 | D:8      | Found a blossoming altar of Fedhas.
 15373 | D:8      | Found a faded altar of an unknown god.
 15444 | D:8      | Found an opulent altar of Gozag.
 15535 | D:8      | Found a bloodstained altar of Trog.
 15870 | D:9      | Noticed a two-headed ogre
 15876 | D:9      | Killed a two-headed ogre
 15882 | D:9      | Reached skill level 5 in Ranged Weapons
 16112 | D:9      | Noticed Erolcha
 16120 | D:9      | Killed Erolcha
 16510 | D:9      | Found a staircase to the Lair.
 17115 | D:6      | Bought the ring "Woleyl" {rN+ Int+2} for 436 gold pieces
 17193 | Lair:1   | Entered Level 1 of the Lair of Beasts
 17209 | D:10     | Entered Level 10 of the Dungeon
 17229 | D:10     | HP: 1/84 [komodo dragon (23)]
 17581 | D:10     | HP: 1/126 [komodo dragon (14)]
 17583 | D:10     | Reached XP level 11. HP: 1/90 MP: 15/25
 17991 | D:10     | Found a burning altar of Makhleb.
 18007 | D:10     | Found a sacrificial altar of Ru.
 18015 | D:10     | Noticed a cyclops
 18024 | D:10     | Killed a cyclops
 18071 | D:11     | Noticed a two-headed ogre
 18170 | D:11     | Noticed a boulder beetle
 18479 | D:12     | Noticed a sixfirhy
 18481 | D:12     | Noticed a sixfirhy
 18486 | D:12     | HP: 4/135 [iron imp[a kobold demonologist] (5)]
 18487 | D:12     | Slain by an iron imp

Illustrated notes

Levels and vault maps discovered:
D:1:      amcnicky_arrival_feature_with_door, layout_loops_ring,
          nicolae_ecumenical_snake_handling, supply_closet_lemuel
D:2:      layout_loops_ring, minmay_surrounded
D:3:      layout_basic, lemuel_crystal_altar, portal_sewer_entry_b,
          uniq_natasha, uniq_jessica
D:4:      kennysheep_big_flooded_room, layout_basic,
          minmay_temple_entry_glassed_door, serial_shops,
          nicolae_shop_behind_doors, uniq_robin, uniq_sigmund
D:5:      layout_basic, serial_aquarium, aquarium_bridge_long_separate
          [aquarium_subvault_bridge, aquarium_subvault_bridge,
          aquarium_subvault_bridge, aquarium_subvault_window,
          aquarium_subvault_bridge, aquarium_subvault_bridge],
          aquarium_window_fake, aquarium_window_1, aquarium_window_fake,
          aquarium_view_2g, chequers_serial_rivers_micro_a
D:6:      minmay_flawed_box, layout_layer_cave, serial_shops,
          nicolae_lakefront_shop
D:7:      layout_basic
D:8:      layout_loops_ring, chequers_temple_overflow_minitemple,
          jmf_multi_god_temple2, serial_shops, shop, enter_bailey_2
D:9:      layout_loops_ring, grunt_lair_entry_orc_guard_hut,
          nicolae_hexahallways, uniq_erolcha
D:10:     layout_cave_pools, nicolae_ru_sacrificial_ziggurat, bloody_makhleb
D:11:     layout_rooms, kennysheep_orc_monster_closet_entryway,
          hangedman_fish_farm
D:12:     layout_roguey
Temple:   dshaligram_water_room_temple
Lair:1:   layout_regular_city, uniq_amaemon

Skill      XL: |  1  2  3  4  5  6  7  8  9 10 11 |
---------------+----------------------------------+-----
Spellcasting   | 3 4 6 8 9 10 | 10.0
Ice Magic      | 6 7 |  7.0
Poison Magic   | 5 |  5.0
Conjurations   | 1 5 |  5.0
Fighting       | 3 |  3.0
Ranged Weapons | 7 8 |  8.3
Dodging        | |  1.5
Stealth        | |  3.0

Action                   |  1- 3 |  4- 6 |  7- 9 | 10-12 || total
-------------------------+-------+-------+-------+-------++-------
Melee: Spear             |    82 |   141 |    40 |       ||   263
       Punch             |       |     1 |     1 |       ||     2
 Fire: Arbalest          |       |       |   139 |    56 ||   195
 Cast: Freeze            |    27 |    30 |    57 |    20 ||   134
       Frozen Ramparts   |     2 |    20 |    24 |    12 ||    58
       Ozocubu's Armour  |       |     2 |     5 |     1 ||     8
       Poisonous Vapours |       |       |    20 |    22 ||    42
       Ignite Poison     |       |       |     9 |     9 ||    18
       Hailstorm         |       |       |       |     1 ||     1
Evoke: Wand              |       |       |       |     9 ||     9
  Use: Potion            |       |     4 |     4 |     3 ||    11
       Scroll            |       |     2 |    16 |     5 ||    23
 Stab: Sleeping          |     8 |     8 |     2 |       ||    18
Armor: Robe              |    12 |    48 |    15 |       ||    75
       Leather armour    |       |       |    32 |    30 ||    62
       Skin              |       |       |       |    13 ||    13
Dodge: Dodged            |    30 |    74 |    99 |    39 ||   242

Table legend: (Time is in decaauts)
 A = Elapsed time spent in this place.
 B = Non-inter-level travel time spent in this place.
 C = Inter-level travel time spent in this place.
 D = Time resting spent in this place.
 E = Time spent auto-exploring this place.
 F = Levels seen in this place.
 G = Mean time per level.
                   A        B        C        D        E       F      G
               +--------+--------+--------+--------+--------+-----+--------+
         Total |  21481 |  20787 |    694 |   8525 |   9742 |  15 | 1432.1 |
       Dungeon |  20143 |  19457 |    686 |   8026 |   9107 |  12 | 1678.6 |
        Temple |    141 |    134 |      7 |      0 |     84 |   1 |  141.0 |
          Lair |      1 |      1 |      0 |      0 |      0 |   1 |    1.0 |
        Bailey |   1194 |   1194 |      0 |    499 |    550 |   1 | 1194.0 |
               +--------+--------+--------+--------+--------+-----+--------+

Top non-repeatable levels by time:
     D:4: 2725 daAuts
     D:6: 2377 daAuts
     D:8: 2371 daAuts
     D:9: 2187 daAuts
     D:7: 2026 daAuts
     D:3: 1987 daAuts
     D:2: 1877 daAuts
     D:1: 1814 daAuts
     D:5: 1769 daAuts
  Bailey: 1194 daAuts
    D:10: 560 daAuts
    D:12: 329 daAuts
  Temple: 141 daAuts
    D:11: 117 daAuts
  Lair:1: 1 daAuts
